 Dungeon Crawl Stone Soup version 0.26.1-11-gd32895ea62 (webtiles) character file.

Game seed: 8541968776983116120

45 Descartes the Ducker (level 3, 0/17 HPs)
             Began as a Felid Chaos Knight on May 29, 2021.
             Was a Plaything of Xom.
             Slain by an ice beast (5 damage)
             ... on level 2 of the Dungeon.
             The game lasted 00:02:30 (1744 turns).

Descartes the Ducker (Felid Chaos Knight)           Turns: 1744, Time: 00:02:31

Health: 0/17       AC:  1    Str:  9    XL:     3   Next: 42%
Magic:  4/4        EV: 19    Int: 13    God:    Xom [....*.]
Gold:   58         SH:  0    Dex: 15    Spells: 2/2 levels left
                                        Lives:  0   Deaths: 0

rFire    . . .     SeeInvis +     - Unarmed
rCold    . . .     Faith    .   (shield unavailable)
rNeg     . . .     Spirit   .   (armour unavailable)
rPois    .         Reflect  .   (helmet unavailable)
rElec    .         Harm     .   (cloak unavailable)
rCorr    .         Rampage  .   (gloves unavailable)
Will     .....                  (boots unavailable)
Stlth    ++........             (no amulet)
HPRegen  0.05/turn              (no ring)
MPRegen  0.09/turn              (no ring)

@: liquefying, slowed movement, slow
A: very small, no armour, no weapons or thrown items, stealth, claws 1, fangs 3,
see invisible, speed 1, shaggy fur 1, sharp paws
a: Renounce Religion


You were on level 2 of the Dungeon.
You worshipped Xom.
You were a beloved toy of Xom.
You visited 1 branch of the dungeon, and saw 2 of its levels.

You collected 58 gold pieces.

Inventory:

Scrolls
 a - a scroll of remove curse {unknown}
 b - a scroll of teleportation {unknown}
 f - 2 scrolls of fog {unknown}
Potions
 c - a potion of berserk rage {unknown}
 e - a potion of heal wounds {unknown}


   Skills:
 + Level 3.4 Fighting
 + Level 3.8 Dodging
 + Level 2.2 Stealth
 + Level 3.4 Unarmed Combat


You had 2 spell levels left.
You didn't know any spells.
Your spell library was empty.

Dungeon Overview and Level Annotations

Branches:
Dungeon (2/15)

Altars:
Okawaru


Innate Abilities, Weirdness & Mutations

You cannot wear armour.
You are incapable of wielding weapons or throwing items.
Your paws allow you to move quietly. (Stealth)
You have sharp claws.
You have razor-sharp teeth.
You have supernaturally acute eyesight. (SInv)
You cover ground quickly.
You are covered in fur. (AC +1)
Your sharp claws are effective at attacking unaware monsters.


Message History

Okay, then.
It was a potion of curing.
You feel better.
Xom thinks this is hilarious!
The ice beast becomes momentarily stuck in the liquid earth.
You closely miss the ice beast. The ice beast completely misses you.
You scratch the ice beast.
The ice beast is moderately wounded.
The ice beast barely misses you.
You scratch the ice beast.
The ice beast is moderately wounded.
The ice beast closely misses you.
You closely miss the ice beast.
The ice beast is moderately wounded.
The ice beast hits you. The ice beast freezes you!
* * * LOW HITPOINT WARNING * * *
You scratch the ice beast but do no damage.
The ice beast is moderately wounded.
The ice beast hits you.
You die...
Xom titters!

...#.# ...#.# #.#.#
#.#. ##.#.# ..........#
...#.# ##.#.#.#.#.#
####.#...# ..........
.....#...# ##.#.#.#.#
.....#...# #........
#....#...# ###.#.#.#.##
#....#...# #....@Y.<..#
####.#...###†#.#.#.#.##
.....#...##..#.##.#.#
####.#.......†.# .# #
....##.........# .#
....''.........# .#
....##.........# .#
....##.........# .#
...###.........#


You could see an ice beast (struggling).

Vanquished Creatures
  An adder (D:2)
  2 bats
  A giant cockroach (D:1)
  5 goblins
  2 hobgoblins
  4 jackals (D:1)
  A quokka (D:2)
  2 frilled lizards (D:1)
  10 kobolds
  5 rats
33 creatures vanquished.

Notes
Turn   | Place    | Note
-------+----------+-------------------------------------------
     0 | D:1      | Descartes the Felid Chaos Knight began the quest for the
                  | Orb.
     0 | D:1      | Reached XP level 1. HP: 10/10 MP: 2/2
   244 | D:1      | Reached skill level 1 in Stealth
   405 | D:1      | Reached XP level 2. HP: 14/14 MP: 3/3
   438 | D:1      | XOM: silly message
   538 | D:1      | XOM: silly message
   548 | D:1      | XOM: silly message
   553 | D:1      | XOM: silly message
   828 | D:1      | XOM: 6-stop teleportation journey
   864 | D:1      | XOM: god gift: 25 stones
  1022 | D:1      | XOM: 8-stop teleportation journey
  1032 | D:1      | XOM: silly message
  1373 | D:1      | Reached XP level 3. HP: 17/17 MP: 4/4
  1503 | D:2      | Found an iron altar of Okawaru.
  1733 | D:2      | Noticed an ice beast
  1736 | D:2      | XOM: cast spell 'Leda's Liquefaction'
  1744 | D:2      | Slain by an ice beast

Illustrated notes

Levels and vault maps discovered:
D:1:      dpeg_arrival_rooms_b, layout_basic
D:2:      layout_basic, okawaru_trees_1, st_stairs_9

Skill      XL: |  1  2  3 |
---------------+----------+-----
Stealth        | 1 2 |  2.2
Fighting       | |  3.4
Dodging        | |  3.8
Unarmed Combat | |  3.4

Action                   || total
-------------------------++-------
Melee: Unarmed           ||    73
       Bite              ||     5
  Use: Potion            ||     1
 Stab: Sleeping          ||     6
Armor: Skin              ||     1
Dodge: Dodged            ||    42
